Philadelphia Phantoms vs Hershey Bears

Created - 16 février 2018 at 17:51

Goals
1 2 3 T
Philadelphia Phantoms 3 3 1 7
Hershey Bears 0 1 3 4
Shots
1 2 3 T
Philadelphia Phantoms 10 16 12 38
Hershey Bears 5 16 17 38

1st period

1. Philadelphia Phantoms , Kevin Labanc 28 (Dale Weise 23, Sean Kuraly 27) at 17:13
2. Philadelphia Phantoms , Brandon Montour 4 (Joshua Ho-Sang 62) at 17:46 (PP)
3. Philadelphia Phantoms , Joshua Ho-Sang 34 (Kevin Fiala 28, Scott Laughton 38) at 18:00 (PP)

Penalties :
Tom Sestito (BEA) for Hooking (Minor) at 0:55, Dalton Prout (BEA) for Slashing (Double Minor) at 6:02, Chris Bourque (BEA) for Hooking (Minor) at 17:16, Dalton Prout (BEA) for Roughing (Minor) at 17:55

2nd period

4. Philadelphia Phantoms , Jordan Maletta 11 (Nic Kerdiles 8) at 5:51
5. Philadelphia Phantoms , Sean Kuraly 21 (Dean Kukan 10, Kevin Fiala 29) at 6:58 (PP)
6. Hershey Bears , Chris Bourque 21 (Cory Conacher 54, Dalton Prout 22) at 10:57
7. Philadelphia Phantoms , Nic Kerdiles 10 (Brandon Montour 32, Alexandre Carrier 18) at 17:34

Penalties :
Michael Kostka (BEA) for Fighting (Major) at 5:52, Joshua Ho-Sang (PHA) for Fighting (Major) at 5:52, Michael Kostka (BEA) for instigated a fight (Minor) at 5:52, Michael Kostka (BEA) for instigated a fight (10 Minutes Misconduct) at 5:52, Matt Carle (BEA) for Fighting (Major) at 11:04, Jonathan Diaby (PHA) for Fighting (Major) at 11:04

3rd period

8. Hershey Bears , Cory Conacher 45 (Mark Fraser 15, Klas Dahlbeck 6) at 0:20
9. Hershey Bears , Chris Bourque 22 (Cory Conacher 55, Andrew Desjardins 32) at 4:50 (PP)
10. Philadelphia Phantoms , Nic Kerdiles 11 (Jordan Maletta 10, Brandon Montour 33) at 6:28
11. Hershey Bears , Carter Camper 14 (Cristoval Nieves 7, Colby Cave 23) at 7:47

Penalties :
Nicolas Deslauriers (BEA) for Fighting (Major) at 1:04, Alexandre Carrier (PHA) for Fighting (Major) at 1:04, Jonathan Diaby (PHA) for Hooking (Minor) at 4:42, Mark Fraser (BEA) for Holding (Minor) at 9:41, Cory Conacher (BEA) for Fighting (Major) at 19:46, Jonathan Diaby (PHA) for Fighting (Major) at 19:46

Goalie Stats

Jack Campbell (PHA), 34 saves from 38 shots - (0,895), W, 15-14-3, 60:00 minutes
Mackenzie Skapski (BEA), 22 saves from 25 shots - (0,880), L, 2-7-2, 34:09 minutes
Mike McKenna (BEA), 9 saves from 13 shots - (0,692), 25:51 minutes

Players Stats for Philadelphia Phantoms

Player Name              G  A  P  +/- PIM S  H  SB GA TA FO     MP     PP MP  PK MP  
------------------------------------------------------------------------------------
Alexandre Carrier        0  1  1   1  5   0  1  0  0  1  0/0    24:31   4:57   0:00 
Brandon Montour          1  2  3   1  0   2  1  1  0  0  0/0    24:54   4:57   0:08 
Chad Billins             0  0  0   0  0   0  0  0  0  0  0/0    14:49   0:38   0:08 
Dakota Mermis            0  0  0   0  0   4  0  0  0  0  0/0    20:46   4:03   0:00 
Dale Weise               0  1  1   0  0   5  2  0  1  0  1/1    16:54   3:15   0:00 
Dean Kukan               0  1  1   0  0   0  1  0  0  0  0/0    16:19   4:03   0:00 
Dryden Hunt              0  0  0   0  0   2  0  0  0  0  0/1    13:47   2:18   0:00 
Jonathan Diaby           0  0  0   0  12  0  2  0  0  1  0/0    17:29   0:38   0:00 
Jordan Maletta           1  1  2   3  0   4  1  1  0  0  4/6    11:27   1:20   0:00 
Joshua Ho-Sang           1  1  2  -2  5   3  3  0  2  0  0/1    19:42   4:20   0:00 
Juho Lammikko            0  0  0   3  0   0  0  0  1  0  0/0     9:47   0:11   0:00 
Kevin Fiala              0  2  2  -2  0   3  3  2  1  0  1/2    21:02   5:16   0:00 
Kevin Labanc             1  0  1   0  0   1  1  0  0  0  0/1    15:25   1:46   0:00 
Nic Kerdiles             2  1  3   3  0   4  5  0  0  0  0/1     9:36   0:00   0:00 
Ryan MacInnis            0  0  0   0  0   0  3  0  0  0  4/6    11:13   0:00   0:00 
Scott Laughton           0  1  1  -2  0   4  0  0  0  0  29/39  21:10   5:16   0:08 
Sean Kuraly              1  1  2   0  0   4  4  0  1  0  4/6    18:44   4:21   0:00 
Zac Dalpe                0  0  0   0  0   2  3  1  0  0  0/0    12:12   0:51   0:08 

Players Stats for Hershey Bears

Player Name              G  A  P  +/- PIM S  H  SB GA TA FO     MP     PP MP  PK MP  
------------------------------------------------------------------------------------
Andrew Desjardins        0  1  1   0  0   0  1  0  0  0  13/34  23:32   0:08   5:01 
Andy Miele               0  0  0   0  0   3  2  0  0  1  3/8    17:12   0:00   3:15 
Brendan Gaunce           0  0  0  -1  0   2  2  0  0  0  2/5    10:16   0:00   1:47 
Carter Camper            1  0  1   0  0   3  0  0  0  0  0/1    11:23   0:00   0:37 
Chris Bourque            2  0  2   0  2   4  0  0  1  0  0/2    20:53   0:08   2:53 
Chris Wagner             0  0  0   0  0   5  0  1  0  0  1/1    13:15   0:00   0:00 
Colby Cave               0  1  1   0  0   2  3  0  0  0  0/0    10:35   0:00   0:00 
Cory Conacher            1  2  3   0  5   8  1  3  0  0  2/12   23:26   0:08   5:09 
Cristoval Nieves         0  1  1   0  0   1  0  0  0  0  0/1    12:25   0:00   1:11 
Dalton Prout             0  1  1  -1  6   2  1  2  0  3  0/0    24:18   0:08   3:17 
Klas Dahlbeck            0  1  1   1  0   1  1  1  0  0  0/0    22:21   0:00   3:54 
Mark Fraser              0  1  1   2  2   1  2  2  1  1  0/0    23:51   0:00   3:09 
Matt Carle               0  0  0  -1  5   1  0  0  0  0  0/0    14:06   0:00   3:10 
Michael Kostka           0  0  0  -2  17  1  1  0  0  1  0/0    18:21   0:08   4:08 
Mike Blunden             0  0  0   0  0   2  1  0  0  0  0/0    13:15   0:00   0:00 
Nicolas Deslauriers      0  0  0  -1  5   1  1  1  0  0  0/0    14:16   0:00   1:01 
Teddy Blueger            0  0  0  -1  0   1  2  0  0  0  0/0     8:22   0:00   0:00 
Tom Sestito              0  0  0  -1  2   0  4  0  0  0  0/0     8:26   0:00   0:00 

3 Stars

1 - Nic Kerdiles (PHA)
2 - Brandon Montour (PHA)
3 - Jordan Maletta (PHA)

Power Play

Philadelphia Phantoms - 3 on 7 Attempt(s) - 42,86%
Hershey Bears - 1 on 1 Attempt(s) - 100,00%

Penalty Kill

Philadelphia Phantoms - 0 on 1 Attempt(s) - 0,00% - Score 0 goal in Penalty Kill
Hershey Bears - 4 on 7 Attempt(s) - 57,14% - Score 0 goal in Penalty Kill

Team Stat

Philadelphia Phantoms - Hits : 30 - Faceoff Wins : 43 - Blocked Shots : 5 - Penalty Minutes : 22
Hershey Bears - Hits : 22 - Faceoff Wins : 21 - Blocked Shots : 10 - Penalty Minutes : 44

Official

Referees : Tom Kowal and Dave Lewis
Linesman : David Brisebois and Steve Barton

Game Notes

Mackenzie Skapski enters game at 5:51 of 2nd period
Joshua Ho-Sang beats up Michael Kostka at 5:52 of 2nd period
Matt Carle beats up Jonathan Diaby at 11:04 of 2nd period
Nicolas Deslauriers and Alexandre Carrier fight to a draw at 1:04 of 3rd period
Cory Conacher beats up Jonathan Diaby at 19:46 of 3rd period

Finance

Level 1 -- Attendance: 1505 (75,25%) -- Ticket Income 52 675 $
Level 2 -- Attendance: 711 (71,10%) -- Ticket Income 10 665 $
Total Attendance: 2216 (73,87%)
Total Ticket Income: 63 340 $
Other Income: 31 037 $
Total Income: 94 377 $

Philadelphia Phantoms

5 vs 5 Forward 
   Center                   Left Wing                Right Wing               Time % Phy DF OF 
 1 Scott Laughton           Joshua Ho-Sang           Kevin Fiala              34     0   1  4  
 2 Sean Kuraly              Kevin Labanc             Dale Weise               30     0   2  3  
 3 Ryan MacInnis            Dryden Hunt              Zac Dalpe                26     0   4  1  
 4 Jordan Maletta           Nic Kerdiles             Juho Lammikko            10     0   4  1  

5 vs 5 Defense 
   Defense                  Defense                                           Time % Phy DF OF 
 1 Brandon Montour          Alexandre Carrier                                 40     1   3  1  
 2 Jonathan Diaby           Dakota Mermis                                     36     1   3  1  
 3 Chad Billins             Dean Kukan                                        24     1   3  1  
 4 Jonathan Diaby           Alexandre Carrier                                 0      1   3  1  

PowerPlay Forward 
   Center                   Left Wing                Right Wing               Time % Phy DF OF 
 1 Scott Laughton           Joshua Ho-Sang           Kevin Fiala              60     0   0  5  
 2 Sean Kuraly              Kevin Fiala              Dale Weise               40     0   0  5  

PowerPlay Defense
   Defense                  Defense                                           Time % Phy DF OF 
 1 Brandon Montour          Alexandre Carrier                                 60     0   2  3  
 2 Dean Kukan               Dakota Mermis                                     40     0   2  3  

Penalty Kill 4 Players Forward 
   Center                   Wing                     Time % Phy DF OF 
 1 Scott Laughton           Zac Dalpe                60     0   5  0  
 2 Jordan Maletta           Sean Kuraly              40     0   5  0  

Penalty Kill 4 Players Defense
   Defense                  Defense                  Time % Phy DF OF 
 1 Chad Billins             Alexandre Carrier        60     0   5  0  
 2 Dean Kukan               Dakota Mermis            40     0   5  0  

Penalty Kill - 3 Players Forward 
   Forward                                           Time % Phy DF OF 
 1 Zac Dalpe                                         60     0   5  0  
 2 Jordan Maletta                                    40     0   5  0  

Penalty Kill - 3 Players Defense
   Defense                  Defense                  Time % Phy DF OF 
 1 Chad Billins             Alexandre Carrier        60     0   5  0  
 2 Dean Kukan               Dakota Mermis            40     0   5  0  

4 vs 4 Forward 
   Center                   Wing                     Time % Phy DF OF 
 1 Joshua Ho-Sang           Dale Weise               60     1   2  2  
 2 Kevin Labanc             Kevin Fiala              40     1   2  2  

4 vs 4 Defense
   Defense                  Defense                  Time % Phy DF OF 
 1 Brandon Montour          Alexandre Carrier        60     1   2  2  
 2 Dean Kukan               Dakota Mermis            40     1   2  2  

Last Minutes Offensive
   Center                   Left Wing                Right Wing               Defense                  Defense                  
   Joshua Ho-Sang           Kevin Labanc             Dale Weise               Dean Kukan               Alexandre Carrier        

Last Minutes Defensive
   Center                   Left Wing                Right Wing               Defense                  Defense                  
   Scott Laughton           Sean Kuraly              Zac Dalpe                Dean Kukan               Chad Billins             

Goaltenders
Starting : Jack Campbell            
Backup : Darcy Kuemper            

Extra Forwards
Normal : Sean Kuraly, Dryden Hunt, Jordan Maletta - PP : Sean Kuraly, Dryden Hunt - PK : Jordan Maletta
Extra Defensemen
Normal : Chad Billins, Alexandre Carrier, Dean Kukan - PP : Chad Billins - PK : Brandon Montour, Dean Kukan
Penalty Shots
Joshua Ho-Sang, Dale Weise, Kevin Labanc, Kevin Fiala, Scott Laughton

Scratches
Jon Martin (Healthy), Rihards Bukarts (Healthy), Matt Caito (Healthy), Reid Boucher (Healthy), Alex Lyon (Healthy)
Matthew O'Connor (Healthy)

Hershey Bears

5 vs 5 Forward 
   Center                   Left Wing                Right Wing               Time % Phy DF OF 
 1 Andrew Desjardins        Cory Conacher            Chris Bourque            40     1   2  2  
 2 Andy Miele               Mike Blunden             Chris Wagner             30     1   2  2  
 3 Colby Cave               Cristoval Nieves         Carter Camper            20     1   2  2  
 4 Brendan Gaunce           Tom Sestito              Teddy Blueger            10     1   2  2  

5 vs 5 Defense 
   Defense                  Defense                                           Time % Phy DF OF 
 1 Dalton Prout             Michael Kostka                                    40     1   2  2  
 2 Klas Dahlbeck            Mark Fraser                                       30     1   2  2  
 3 Nicolas Deslauriers      Matt Carle                                        20     1   2  2  
 4 Dalton Prout             Michael Kostka                                    10     1   2  2  

PowerPlay Forward 
   Center                   Left Wing                Right Wing               Time % Phy DF OF 
 1 Andrew Desjardins        Cory Conacher            Chris Bourque            60     1   2  2  
 2 Andy Miele               Mike Blunden             Chris Wagner             40     1   2  2  

PowerPlay Defense
   Defense                  Defense                                           Time % Phy DF OF 
 1 Dalton Prout             Michael Kostka                                    60     1   2  2  
 2 Klas Dahlbeck            Mark Fraser                                       40     1   2  2  

Penalty Kill 4 Players Forward 
   Center                   Wing                     Time % Phy DF OF 
 1 Cory Conacher            Andrew Desjardins        60     1   2  2  
 2 Andy Miele               Chris Bourque            40     1   2  2  

Penalty Kill 4 Players Defense
   Defense                  Defense                  Time % Phy DF OF 
 1 Dalton Prout             Michael Kostka           60     1   2  2  
 2 Klas Dahlbeck            Mark Fraser              40     1   2  2  

Penalty Kill - 3 Players Forward 
   Forward                                           Time % Phy DF OF 
 1 Cory Conacher                                     60     1   2  2  
 2 Andrew Desjardins                                 40     1   2  2  

Penalty Kill - 3 Players Defense
   Defense                  Defense                  Time % Phy DF OF 
 1 Dalton Prout             Michael Kostka           60     1   2  2  
 2 Klas Dahlbeck            Mark Fraser              40     1   2  2  

4 vs 4 Forward 
   Center                   Wing                     Time % Phy DF OF 
 1 Cory Conacher            Andrew Desjardins        60     1   2  2  
 2 Andy Miele               Chris Bourque            40     1   2  2  

4 vs 4 Defense
   Defense                  Defense                  Time % Phy DF OF 
 1 Dalton Prout             Michael Kostka           60     1   2  2  
 2 Klas Dahlbeck            Mark Fraser              40     1   2  2  

Last Minutes Offensive
   Center                   Left Wing                Right Wing               Defense                  Defense                  
   Andrew Desjardins        Cory Conacher            Chris Bourque            Dalton Prout             Michael Kostka           

Last Minutes Defensive
   Center                   Left Wing                Right Wing               Defense                  Defense                  
   Andrew Desjardins        Cory Conacher            Chris Bourque            Dalton Prout             Michael Kostka           

Goaltenders
Starting : Mike McKenna             
Backup : Mackenzie Skapski        

Extra Forwards
Normal : Colby Cave, Cristoval Nieves, Brendan Gaunce - PP : Colby Cave, Cristoval Nieves - PK : Brendan Gaunce
Extra Defensemen
Normal : Nicolas Deslauriers, Matt Carle, Klas Dahlbeck - PP : Nicolas Deslauriers - PK : Matt Carle, Klas Dahlbeck
Penalty Shots
Cory Conacher, Andrew Desjardins, Andy Miele, Chris Bourque, Mike Blunden

Scratches
James Wisniewski (Healthy), Bryce Gervais (Healthy), Thomas Di Pauli (Healthy), Justin Hickman (Healthy), Markus Eisenschmid (Healthy)

% Time on Ice - Philadelphia Phantoms

Lines # - Real PCT - Wanted PCT - Time Play
Normal Forward
1 - 31% - 34% - 15:46
2 - 27% - 30% - 13:39
3 - 22% - 26% - 11:13
4 - 19% - 10% - 9:36
Normal Defense
1 - 38% - 40% - 19:02
2 - 35% - 36% - 17:38
3 - 23% - 24% - 11:20
4 - 4% - 0% - 2:14
PP Forward
1 - 66% - 60% - 6:19
2 - 34% - 40% - 3:19
PP Defense
1 - 58% - 60% - 5:35
2 - 42% - 40% - 4:03
PK Forward
1 - 100% - 60% - 0:08
2 - 0% - 40% - 0:00
PK Defense
1 - 100% - 60% - 0:08
2 - 0% - 40% - 0:00
PK3 Forward
1 - 0% - 60%
2 - 0% - 40%
PK3 Defense
1 - 0% - 60%
2 - 0% - 40%
44 Forward
1 - 0% - 60%
2 - 0% - 40%
44 Defense
1 - 0% - 60%
2 - 0% - 40%
Last Minute Offensive  - 0:00
Last Minute Defensive  - 0:00
Total
Forward - 60:00
Defense - 60:00

% Time on Ice - Hershey Bears

Lines # - Real PCT - Wanted PCT - Time Play
Normal Forward
1 - 37% - 40% - 18:25
2 - 27% - 30% - 13:20
3 - 20% - 20% - 10:07
4 - 17% - 10% - 8:22
Normal Defense
1 - 40% - 40% - 20:07
2 - 32% - 30% - 16:10
3 - 22% - 20% - 11:07
4 - 6% - 10% - 2:50
PP Forward
1 - 100% - 60% - 0:08
2 - 0% - 40% - 0:00
PP Defense
1 - 100% - 60% - 0:08
2 - 0% - 40% - 0:00
PK Forward
1 - 71% - 60% - 6:48
2 - 29% - 40% - 2:50
PK Defense
1 - 74% - 60% - 7:06
2 - 26% - 40% - 2:32
PK3 Forward
1 - 0% - 60%
2 - 0% - 40%
PK3 Defense
1 - 0% - 60%
2 - 0% - 40%
44 Forward
1 - 0% - 60%
2 - 0% - 40%
44 Defense
1 - 0% - 60%
2 - 0% - 40%
Last Minute Offensive  - 0:00
Last Minute Defensive  - 0:00
Total
Forward - 60:00
Defense - 60:00

Play by Play

1st period


0:01 of 1st period - Scott Laughton wins face-off versus Andrew Desjardins in neutral zone.
0:06 of 1st period - Wrist shot by Joshua Ho-Sang.
0:06 of 1st period - Shot Misses the Net.
0:12 of 1st period - Slapshot by Kevin Fiala.
0:12 of 1st period - Stopped by Mike McKenna with a rebound.
0:33 of 1st period - Slapshot by Andy Miele.
0:33 of 1st period - Shot Misses the Net.
0:35 of 1st period - Snap shot by Andy Miele.
0:35 of 1st period - Shot Misses the Net.
0:49 of 1st period - Backhand shot by Brendan Gaunce.
0:49 of 1st period - Deflect By Tom Sestito.
0:49 of 1st period - Shot Misses the Net.
0:49 of 1st period - Puck is out of play.
0:50 of 1st period - Ryan MacInnis wins face-off versus Brendan Gaunce in Philadelphia Phantoms zone.
0:50 of 1st period - Ryan MacInnis is hit by Mark Fraser.
0:55 of 1st period - Minor Penalty to Tom Sestito for Hooking.
0:56 of 1st period - Scott Laughton wins face-off versus Cory Conacher in Hershey Bears zone.
2:55 of 1st period - Penalty to Tom Sestito is over, Tom Sestito is back on ice.
3:07 of 1st period - Carter Camper is hit by Nic Kerdiles and loses puck.
3:53 of 1st period - Nic Kerdiles is hit by Andy Miele and loses puck.
4:12 of 1st period - Snap shot by Colby Cave.
4:12 of 1st period - Shot Misses the Net.
4:34 of 1st period - Alexandre Carrier is hit by Andy Miele and loses puck.
4:39 of 1st period - Slapshot by Andy Miele.
4:39 of 1st period - Deflect By Chris Wagner.
4:39 of 1st period - Stopped by Jack Campbell with a rebound.
4:49 of 1st period - Jordan Maletta is hit by Teddy Blueger.
5:04 of 1st period - Andrew Desjardins is hit by Ryan MacInnis and loses puck.
5:15 of 1st period - Andrew Desjardins is hit by Dale Weise and loses puck.
6:02 of 1st period - Double Minor Penalty to Dalton Prout for Slashing.
6:03 of 1st period - Cory Conacher wins face-off versus Scott Laughton in Hershey Bears zone.
6:14 of 1st period - Cory Conacher is hit by Dean Kukan and loses puck.
8:20 of 1st period - Kevin Labanc is hit by Mark Fraser and loses puck.
10:02 of 1st period - Penalty to Dalton Prout is over, Dalton Prout is back on ice.
12:09 of 1st period - Andrew Desjardins is hit by Nic Kerdiles and loses puck.
13:03 of 1st period - Dalton Prout is hit by Nic Kerdiles and loses puck.
13:31 of 1st period - Scott Laughton is hit by Colby Cave and loses puck.
13:44 of 1st period - Snap shot by Cristoval Nieves.
13:44 of 1st period - Stopped by Jack Campbell with a rebound.
13:46 of 1st period - Slapshot by Klas Dahlbeck.
13:46 of 1st period - Deflect By Brendan Gaunce.
13:46 of 1st period - Shot Misses the Net.
13:46 of 1st period - Puck is out of play.
13:47 of 1st period - Brendan Gaunce wins face-off versus Jordan Maletta in Philadelphia Phantoms zone.
13:54 of 1st period - Brendan Gaunce is hit by Jonathan Diaby and loses puck.
13:59 of 1st period - Slapshot by Brandon Montour.
13:59 of 1st period - Shot Misses the Net.
14:09 of 1st period - Jonathan Diaby is hit by Cory Conacher and loses puck.
14:39 of 1st period - Off-side.
14:40 of 1st period - Andrew Desjardins wins face-off versus Dryden Hunt in neutral zone.
15:09 of 1st period - Icing by Dryden Hunt.
15:10 of 1st period - Andy Miele wins face-off versus Joshua Ho-Sang in Philadelphia Phantoms zone.
15:11 of 1st period - Slapshot by Chris Wagner.
15:11 of 1st period - Stopped by Jack Campbell without a rebound.
15:12 of 1st period - Andy Miele wins face-off versus Scott Laughton in Philadelphia Phantoms zone.
15:21 of 1st period - Snap shot by Kevin Fiala.
15:21 of 1st period - Shot Misses the Net.
15:23 of 1st period - Snap shot by Jonathan Diaby.
15:23 of 1st period - Shot Misses the Net.
15:25 of 1st period - Backhand shot by Dakota Mermis.
15:25 of 1st period - Stopped by Mike McKenna with a rebound.
15:27 of 1st period - Snap shot by Joshua Ho-Sang.
15:27 of 1st period - Stopped by Mike McKenna without a rebound.
15:28 of 1st period - Andrew Desjardins wins face-off versus Sean Kuraly in Hershey Bears zone.
15:30 of 1st period - Icing by Cory Conacher.
15:31 of 1st period - Andrew Desjardins wins face-off versus Sean Kuraly in Hershey Bears zone.
15:31 of 1st period - Andrew Desjardins is hit by Alexandre Carrier.
16:09 of 1st period - Wrist shot by Andy Miele.
16:09 of 1st period - Stopped by Jack Campbell with a rebound.
16:39 of 1st period - Dakota Mermis is hit by Tom Sestito and loses puck.
16:45 of 1st period - Icing by Jonathan Diaby.
16:46 of 1st period - Brendan Gaunce wins face-off versus Jordan Maletta in Philadelphia Phantoms zone.
16:47 of 1st period - Snap shot by Teddy Blueger.
16:47 of 1st period - Stopped by Jack Campbell without a rebound.
16:48 of 1st period - Scott Laughton wins face-off versus Andrew Desjardins in Philadelphia Phantoms zone.
16:55 of 1st period - Snap shot by Joshua Ho-Sang.
16:55 of 1st period - Shot Misses the Net.
16:57 of 1st period - Snap shot by Scott Laughton.
16:57 of 1st period - Deflect By Cory Conacher.
16:57 of 1st period - Stopped by Mike McKenna without a rebound.
16:58 of 1st period - Scott Laughton wins face-off versus Andrew Desjardins in Hershey Bears zone.
17:07 of 1st period - Backhand shot by Kevin Fiala.
17:07 of 1st period - Stopped by Mike McKenna without a rebound.
17:08 of 1st period - Sean Kuraly wins face-off versus Chris Bourque in Hershey Bears zone.
17:13 of 1st period - Slapshot by Kevin Labanc.
17:13 of 1st period - Goal by Kevin Labanc - Philadelphia Phantoms : 1 - Hershey Bears : 0.
17:14 of 1st period - Andrew Desjardins wins face-off versus Scott Laughton in neutral zone.
17:16 of 1st period - Minor Penalty to Chris Bourque for Hooking.
17:17 of 1st period - Scott Laughton wins face-off versus Cory Conacher in Hershey Bears zone.
17:31 of 1st period - Klas Dahlbeck is hit by Joshua Ho-Sang and loses puck.
17:46 of 1st period - Slapshot by Brandon Montour.
17:46 of 1st period - Goal by Brandon Montour - Philadelphia Phantoms : 2 - Hershey Bears : 0.
17:47 of 1st period - Sean Kuraly wins face-off versus Andrew Desjardins in neutral zone.
17:55 of 1st period - Minor Penalty to Dalton Prout for Roughing.
17:56 of 1st period - Scott Laughton wins face-off versus Cory Conacher in Hershey Bears zone.
18:00 of 1st period - Wrist shot by Joshua Ho-Sang.
18:00 of 1st period - Goal by Joshua Ho-Sang - Philadelphia Phantoms : 3 - Hershey Bears : 0.
18:01 of 1st period - Scott Laughton wins face-off versus Andrew Desjardins in neutral zone.
18:27 of 1st period - Andy Miele is hit by Dale Weise and loses puck.
18:32 of 1st period - Snap shot by Dale Weise.
18:32 of 1st period - Shot Blocked by Mark Fraser.
18:34 of 1st period - Wrist shot by Sean Kuraly.
18:34 of 1st period - Stopped by Mike McKenna with a rebound.
18:50 of 1st period - Snap shot by Dryden Hunt.
18:50 of 1st period - Stopped by Mike McKenna with a rebound.
19:31 of 1st period - Kevin Fiala is hit by Michael Kostka and loses puck.
Goals for this period are 3 for Philadelphia Phantoms vs 0 for Hershey Bears.
Shots for this period are 10 for Philadelphia Phantoms vs 5 for Hershey Bears.

2nd period


0:01 of 2nd period - Scott Laughton wins face-off versus Andrew Desjardins in neutral zone.
0:38 of 2nd period - Dalton Prout is hit by Jonathan Diaby and loses puck.
1:37 of 2nd period - Wrist shot by Brendan Gaunce.
1:37 of 2nd period - Stopped by Jack Campbell without a rebound.
1:38 of 2nd period - Dale Weise wins face-off versus Brendan Gaunce in Philadelphia Phantoms zone.
1:48 of 2nd period - Snap shot by Dale Weise.
1:48 of 2nd period - Shot Misses the Net.
1:50 of 2nd period - Wrist shot by Sean Kuraly.
1:50 of 2nd period - Shot Misses the Net.
1:52 of 2nd period - Slapshot by Alexandre Carrier.
1:52 of 2nd period - Shot Hit the Post.
1:54 of 2nd period - Wrist shot by Dale Weise.
1:54 of 2nd period - Shot Misses the Net.
2:28 of 2nd period - Wrist shot by Andy Miele.
2:28 of 2nd period - Shot Misses the Net.
2:30 of 2nd period - Wrist shot by Mike Blunden.
2:30 of 2nd period - Stopped by Jack Campbell with a rebound.
2:32 of 2nd period - Slapshot by Matt Carle.
2:32 of 2nd period - Shot Blocked by Zac Dalpe.
3:45 of 2nd period - Brendan Gaunce is hit by Zac Dalpe and loses puck.
4:03 of 2nd period - Off-side.
4:04 of 2nd period - Jordan Maletta wins face-off versus Andrew Desjardins in neutral zone.
4:07 of 2nd period - Slapshot by Dakota Mermis.
4:07 of 2nd period - Deflect By Nic Kerdiles.
4:07 of 2nd period - Shot Misses the Net.
4:07 of 2nd period - Puck is out of play.
4:08 of 2nd period - Andrew Desjardins wins face-off versus Nic Kerdiles in Hershey Bears zone.
4:08 of 2nd period - Andrew Desjardins is hit by Nic Kerdiles.
4:24 of 2nd period - Snap shot by Nic Kerdiles.
4:24 of 2nd period - Shot Misses the Net.
4:26 of 2nd period - Slapshot by Dakota Mermis.
4:26 of 2nd period - Shot Blocked by Nicolas Deslauriers.
4:28 of 2nd period - Slapshot by Dakota Mermis.
4:28 of 2nd period - Shot Blocked by Cory Conacher.
4:30 of 2nd period - Slapshot by Dakota Mermis.
4:30 of 2nd period - Shot Misses the Net.
4:32 of 2nd period - Slapshot by Jordan Maletta.
4:32 of 2nd period - Stopped by Mike McKenna with a rebound.
4:34 of 2nd period - Wrist shot by Juho Lammikko.
4:34 of 2nd period - Deflect By Nic Kerdiles.
4:34 of 2nd period - Shot Misses the Net.
4:34 of 2nd period - Puck is out of play.
4:35 of 2nd period - Andy Miele wins face-off versus Scott Laughton in Hershey Bears zone.
4:42 of 2nd period - Snap shot by Andy Miele.
4:42 of 2nd period - Shot Misses the Net.
4:44 of 2nd period - Wrist shot by Mike Blunden.
4:44 of 2nd period - Stopped by Jack Campbell with a rebound.
4:46 of 2nd period - Slapshot by Dalton Prout.
4:46 of 2nd period - Stopped by Jack Campbell with a rebound.
4:48 of 2nd period - Slapshot by Michael Kostka.
4:48 of 2nd period - Stopped by Jack Campbell with a rebound.
5:23 of 2nd period - Dryden Hunt is hit by Tom Sestito and loses puck.
5:30 of 2nd period - Klas Dahlbeck is hit by Zac Dalpe and loses puck.
5:45 of 2nd period - Snap shot by Jordan Maletta.
5:45 of 2nd period - Stopped by Mike McKenna without a rebound.
5:46 of 2nd period - Jordan Maletta wins face-off versus Andrew Desjardins in Hershey Bears zone.
5:49 of 2nd period - Wrist shot by Nic Kerdiles.
5:49 of 2nd period - Shot Misses the Net.
5:51 of 2nd period - Slapshot by Jordan Maletta.
5:51 of 2nd period - Goal by Jordan Maletta - Philadelphia Phantoms : 4 - Hershey Bears : 0.
5:51 of 2nd period - Mackenzie Skapski enters game.
5:52 of 2nd period - Scott Laughton wins face-off versus Andrew Desjardins in neutral zone.
5:52 of 2nd period - Joshua Ho-Sang beats up Michael Kostka.
5:52 of 2nd period - Penalty to Michael Kostka for Fighting.
5:52 of 2nd period - Penalty to Joshua Ho-Sang for Fighting.
5:52 of 2nd period - Penalty to Michael Kostka for instigated a fight.
5:52 of 2nd period - Penalty to Michael Kostka for instigated a fight.
5:53 of 2nd period - Scott Laughton wins face-off versus Cory Conacher in neutral zone.
6:02 of 2nd period - Wrist shot by Scott Laughton.
6:02 of 2nd period - Deflect By Kevin Fiala.
6:02 of 2nd period - Shot Blocked by Cory Conacher.
6:02 of 2nd period - Puck is out of play.
6:03 of 2nd period - Cory Conacher wins face-off versus Scott Laughton in Hershey Bears zone.
6:16 of 2nd period - Slapshot by Brandon Montour.
6:16 of 2nd period - Deflect By Sean Kuraly.
6:16 of 2nd period - Stopped by Mackenzie Skapski without a rebound.
6:17 of 2nd period - Scott Laughton wins face-off versus Cory Conacher in Hershey Bears zone.
6:22 of 2nd period - Wrist shot by Scott Laughton.
6:22 of 2nd period - Shot Misses the Net.
6:24 of 2nd period - Snap shot by Sean Kuraly.
6:24 of 2nd period - Stopped by Mackenzie Skapski with a rebound.
6:26 of 2nd period - Snap shot by Alexandre Carrier.
6:26 of 2nd period - Deflect By Scott Laughton.
6:26 of 2nd period - Stopped by Mackenzie Skapski without a rebound.
6:27 of 2nd period - Scott Laughton wins face-off versus Cory Conacher in Hershey Bears zone.
6:50 of 2nd period - Snap shot by Scott Laughton.
6:50 of 2nd period - Stopped by Mackenzie Skapski without a rebound.
6:51 of 2nd period - Scott Laughton wins face-off versus Cory Conacher in Hershey Bears zone.
6:54 of 2nd period - Snap shot by Scott Laughton.
6:54 of 2nd period - Deflect By Andrew Desjardins.
6:54 of 2nd period - Shot Misses the Net.
6:54 of 2nd period - Puck is out of play.
6:55 of 2nd period - Scott Laughton wins face-off versus Andrew Desjardins in Hershey Bears zone.
6:56 of 2nd period - Wrist shot by Kevin Fiala.
6:56 of 2nd period - Shot Misses the Net.
6:58 of 2nd period - Snap shot by Dean Kukan.
6:58 of 2nd period - Deflect By Sean Kuraly.
6:58 of 2nd period - Goal by Sean Kuraly - Philadelphia Phantoms : 5 - Hershey Bears : 0.
6:59 of 2nd period - Andrew Desjardins wins face-off versus Scott Laughton in neutral zone.
7:20 of 2nd period - Nicolas Deslauriers is hit by Sean Kuraly and loses puck.
7:43 of 2nd period - Wrist shot by Nic Kerdiles.
7:43 of 2nd period - Shot Misses the Net.
8:13 of 2nd period - Cristoval Nieves is hit by Sean Kuraly and loses puck.
8:24 of 2nd period - Dakota Mermis is hit by Klas Dahlbeck and loses puck.
8:48 of 2nd period - Kevin Labanc is hit by Tom Sestito and loses puck.
9:05 of 2nd period - Slapshot by Andy Miele.
9:05 of 2nd period - Stopped by Jack Campbell with a rebound.
10:07 of 2nd period - Dalton Prout is hit by Sean Kuraly and loses puck.
10:14 of 2nd period - Snap shot by Dale Weise.
10:14 of 2nd period - Stopped by Mackenzie Skapski with a rebound.
10:16 of 2nd period - Wrist shot by Kevin Labanc.
10:16 of 2nd period - Shot Blocked by Dalton Prout.
10:18 of 2nd period - Snap shot by Dale Weise.
10:18 of 2nd period - Stopped by Mackenzie Skapski with a rebound.
10:51 of 2nd period - Snap shot by Cory Conacher.
10:51 of 2nd period - Stopped by Jack Campbell with a rebound.
10:53 of 2nd period - Backhand shot by Dalton Prout.
10:53 of 2nd period - Stopped by Jack Campbell with a rebound.
10:55 of 2nd period - Wrist shot by Cory Conacher.
10:55 of 2nd period - Stopped by Jack Campbell with a rebound.
10:57 of 2nd period - Wrist shot by Chris Bourque.
10:57 of 2nd period - Goal by Chris Bourque - Philadelphia Phantoms : 5 - Hershey Bears : 1.
10:58 of 2nd period - Scott Laughton wins face-off versus Andy Miele in neutral zone.
11:04 of 2nd period - Matt Carle beats up Jonathan Diaby.
11:04 of 2nd period - Penalty to Matt Carle for Fighting.
11:04 of 2nd period - Penalty to Jonathan Diaby for Fighting.
11:05 of 2nd period - Scott Laughton wins face-off versus Andy Miele in Hershey Bears zone.
11:35 of 2nd period - Slapshot by Carter Camper.
11:35 of 2nd period - Stopped by Jack Campbell with a rebound.
11:37 of 2nd period - Wrist shot by Carter Camper.
11:37 of 2nd period - Stopped by Jack Campbell without a rebound.
11:38 of 2nd period - Scott Laughton wins face-off versus Andrew Desjardins in Philadelphia Phantoms zone.
12:24 of 2nd period - Wrist shot by Carter Camper.
12:24 of 2nd period - Shot Misses the Net.
12:30 of 2nd period - Slapshot by Colby Cave.
12:30 of 2nd period - Stopped by Jack Campbell with a rebound.
12:32 of 2nd period - Wrist shot by Klas Dahlbeck.
12:32 of 2nd period - Stopped by Jack Campbell with a rebound.
13:27 of 2nd period - Wrist shot by Andy Miele.
13:27 of 2nd period - Shot Blocked by Kevin Fiala.
13:29 of 2nd period - Slapshot by Nicolas Deslauriers.
13:29 of 2nd period - Stopped by Jack Campbell with a rebound.
13:31 of 2nd period - Slapshot by Nicolas Deslauriers.
13:31 of 2nd period - Deflect By Andy Miele.
13:31 of 2nd period - Shot Misses the Net.
13:31 of 2nd period - Puck is out of play.
13:32 of 2nd period - Ryan MacInnis wins face-off versus Andrew Desjardins in Philadelphia Phantoms zone.
13:48 of 2nd period - Klas Dahlbeck is hit by Zac Dalpe and loses puck.
14:01 of 2nd period - Cory Conacher is hit by Joshua Ho-Sang and loses puck.
14:26 of 2nd period - Nic Kerdiles is hit by Mike Blunden and loses puck.
14:43 of 2nd period - Chad Billins is hit by Colby Cave and loses puck.
15:22 of 2nd period - Chris Wagner is hit by Kevin Fiala and loses puck.
16:08 of 2nd period - Mark Fraser is hit by Kevin Fiala and loses puck.
16:25 of 2nd period - Andy Miele is hit by Jordan Maletta and loses puck.
16:30 of 2nd period - Wrist shot by Jordan Maletta.
16:30 of 2nd period - Stopped by Mackenzie Skapski with a rebound.
16:48 of 2nd period - Snap shot by Dale Weise.
16:48 of 2nd period - Stopped by Mackenzie Skapski with a rebound.
17:30 of 2nd period - Slapshot by Nic Kerdiles.
17:30 of 2nd period - Stopped by Mackenzie Skapski with a rebound.
17:32 of 2nd period - Slapshot by Brandon Montour.
17:32 of 2nd period - Stopped by Mackenzie Skapski with a rebound.
17:34 of 2nd period - Wrist shot by Nic Kerdiles.
17:34 of 2nd period - Goal by Nic Kerdiles - Philadelphia Phantoms : 6 - Hershey Bears : 1.
17:35 of 2nd period - Scott Laughton wins face-off versus Andrew Desjardins in neutral zone.
18:19 of 2nd period - Nicolas Deslauriers is hit by Nic Kerdiles and loses puck.
19:22 of 2nd period - Dean Kukan is hit by Tom Sestito and loses puck.
19:31 of 2nd period - Slapshot by Tom Sestito.
19:31 of 2nd period - Deflect By Brendan Gaunce.
19:31 of 2nd period - Stopped by Jack Campbell with a rebound.
19:33 of 2nd period - Snap shot by Brendan Gaunce.
19:33 of 2nd period - Shot Misses the Net.
19:53 of 2nd period - Backhand shot by Dakota Mermis.
19:53 of 2nd period - Stopped by Mackenzie Skapski with a rebound.
Goals for this period are 3 for Philadelphia Phantoms vs 1 for Hershey Bears.
Shots for this period are 16 for Philadelphia Phantoms vs 16 for Hershey Bears.

3rd period


0:01 of 3rd period - Andrew Desjardins wins face-off versus Scott Laughton in neutral zone.
0:08 of 3rd period - Snap shot by Chris Bourque.
0:08 of 3rd period - Stopped by Jack Campbell without a rebound.
0:09 of 3rd period - Scott Laughton wins face-off versus Cory Conacher in Philadelphia Phantoms zone.
0:14 of 3rd period - Wrist shot by Cory Conacher.
0:14 of 3rd period - Stopped by Jack Campbell with a rebound.
0:20 of 3rd period - Snap shot by Cory Conacher.
0:20 of 3rd period - Goal by Cory Conacher - Philadelphia Phantoms : 6 - Hershey Bears : 2.
0:21 of 3rd period - Scott Laughton wins face-off versus Andrew Desjardins in neutral zone.
0:28 of 3rd period - Snap shot by Kevin Fiala.
0:28 of 3rd period - Stopped by Mackenzie Skapski with a rebound.
0:30 of 3rd period - Snap shot by Scott Laughton.
0:30 of 3rd period - Stopped by Mackenzie Skapski with a rebound.
0:46 of 3rd period - Andy Miele is hit by Sean Kuraly and loses puck.
0:52 of 3rd period - 10 Minutes Misconduct Penalty to Michael Kostka is over.
1:04 of 3rd period - Nicolas Deslauriers and Alexandre Carrier fight to a draw.
1:04 of 3rd period - Penalty to Nicolas Deslauriers for Fighting.
1:04 of 3rd period - Penalty to Alexandre Carrier for Fighting.
1:05 of 3rd period - Scott Laughton wins face-off versus Andrew Desjardins in Hershey Bears zone.
1:12 of 3rd period - Slapshot by Joshua Ho-Sang.
1:12 of 3rd period - Stopped by Mackenzie Skapski without a rebound.
1:13 of 3rd period - Kevin Fiala wins face-off versus Andrew Desjardins in Hershey Bears zone.
2:28 of 3rd period - Snap shot by Brendan Gaunce.
2:28 of 3rd period - Shot Misses the Net.
2:42 of 3rd period - Wrist shot by Tom Sestito.
2:42 of 3rd period - Shot Blocked by Brandon Montour.
2:44 of 3rd period - Wrist shot by Cory Conacher.
2:44 of 3rd period - Shot Misses the Net.
2:56 of 3rd period - Snap shot by Dale Weise.
2:56 of 3rd period - Stopped by Mackenzie Skapski with a rebound.
3:06 of 3rd period - Snap shot by Chris Wagner.
3:06 of 3rd period - Stopped by Jack Campbell with a rebound.
3:08 of 3rd period - Slapshot by Chris Wagner.
3:08 of 3rd period - Stopped by Jack Campbell without a rebound.
3:09 of 3rd period - Scott Laughton wins face-off versus Andrew Desjardins in Philadelphia Phantoms zone.
3:09 of 3rd period - Scott Laughton is hit by Andrew Desjardins.
3:17 of 3rd period - Wrist shot by Cory Conacher.
3:17 of 3rd period - Stopped by Jack Campbell with a rebound.
3:19 of 3rd period - Slapshot by Chris Bourque.
3:19 of 3rd period - Stopped by Jack Campbell with a rebound.
3:40 of 3rd period - Backhand shot by Cory Conacher.
3:40 of 3rd period - Stopped by Jack Campbell with a rebound.
3:42 of 3rd period - Slapshot by Matt Carle.
3:42 of 3rd period - Deflect By Brandon Montour.
3:42 of 3rd period - Stopped by Jack Campbell with a rebound.
3:44 of 3rd period - Slapshot by Mark Fraser.
3:44 of 3rd period - Stopped by Jack Campbell without a rebound.
3:45 of 3rd period - Ryan MacInnis wins face-off versus Andy Miele in Philadelphia Phantoms zone.
3:52 of 3rd period - Snap shot by Zac Dalpe.
3:52 of 3rd period - Stopped by Mackenzie Skapski without a rebound.
3:53 of 3rd period - Ryan MacInnis wins face-off versus Andy Miele in Hershey Bears zone.
3:58 of 3rd period - Snap shot by Zac Dalpe.
3:58 of 3rd period - Shot Blocked by Mark Fraser.
4:05 of 3rd period - Off-side.
4:06 of 3rd period - Andrew Desjardins wins face-off versus Scott Laughton in neutral zone.
4:19 of 3rd period - Wrist shot by Joshua Ho-Sang.
4:19 of 3rd period - Shot Blocked by Cory Conacher.
4:40 of 3rd period - Wrist shot by Chris Wagner.
4:40 of 3rd period - Stopped by Jack Campbell with a rebound.
4:42 of 3rd period - Minor Penalty to Jonathan Diaby for Hooking.
4:43 of 3rd period - Andrew Desjardins wins face-off versus Scott Laughton in Philadelphia Phantoms zone.
4:50 of 3rd period - Slapshot by Chris Bourque.
4:50 of 3rd period - Goal by Chris Bourque - Philadelphia Phantoms : 6 - Hershey Bears : 3.
4:51 of 3rd period - Scott Laughton wins face-off versus Andrew Desjardins in neutral zone.
5:04 of 3rd period - Snap shot by Cory Conacher.
5:04 of 3rd period - Stopped by Jack Campbell without a rebound.
5:05 of 3rd period - Chris Wagner wins face-off versus Kevin Labanc in Philadelphia Phantoms zone.
5:18 of 3rd period - Slapshot by Brandon Montour.
5:18 of 3rd period - Deflect By Dale Weise.
5:18 of 3rd period - Stopped by Mackenzie Skapski with a rebound.
5:36 of 3rd period - Off-side.
5:37 of 3rd period - Scott Laughton wins face-off versus Chris Bourque in neutral zone.
6:10 of 3rd period - Wrist shot by Dryden Hunt.
6:10 of 3rd period - Shot Misses the Net.
6:12 of 3rd period - Snap shot by Dryden Hunt.
6:12 of 3rd period - Shot Blocked by Chris Wagner.
6:24 of 3rd period - Slapshot by Brandon Montour.
6:24 of 3rd period - Deflect By Nic Kerdiles.
6:24 of 3rd period - Stopped by Mackenzie Skapski with a rebound.
6:26 of 3rd period - Slapshot by Jordan Maletta.
6:26 of 3rd period - Shot Misses the Net.
6:28 of 3rd period - Wrist shot by Nic Kerdiles.
6:28 of 3rd period - Goal by Nic Kerdiles - Philadelphia Phantoms : 7 - Hershey Bears : 3.
6:29 of 3rd period - Scott Laughton wins face-off versus Andrew Desjardins in neutral zone.
7:06 of 3rd period - Off-side.
7:07 of 3rd period - Scott Laughton wins face-off versus Carter Camper in neutral zone.
7:26 of 3rd period - Klas Dahlbeck is hit by Kevin Fiala and loses puck.
7:45 of 3rd period - Snap shot by Cristoval Nieves.
7:45 of 3rd period - Shot Misses the Net.
7:47 of 3rd period - Wrist shot by Carter Camper.
7:47 of 3rd period - Goal by Carter Camper - Philadelphia Phantoms : 7 - Hershey Bears : 4.
7:48 of 3rd period - Andrew Desjardins wins face-off versus Ryan MacInnis in neutral zone.
7:52 of 3rd period - Off-side.
7:53 of 3rd period - Andrew Desjardins wins face-off versus Ryan MacInnis in neutral zone.
8:04 of 3rd period - Slapshot by Alexandre Carrier.
8:04 of 3rd period - Deflect By Ryan MacInnis.
8:04 of 3rd period - Shot Blocked by Dalton Prout.
8:04 of 3rd period - Puck is out of play.
8:05 of 3rd period - Sean Kuraly wins face-off versus Andrew Desjardins in Hershey Bears zone.
8:08 of 3rd period - Wrist shot by Kevin Labanc.
8:08 of 3rd period - Shot Misses the Net.
9:15 of 3rd period - Nic Kerdiles is hit by Brendan Gaunce and loses puck.
9:41 of 3rd period - Minor Penalty to Mark Fraser for Holding.
9:42 of 3rd period - Scott Laughton wins face-off versus Cory Conacher in Hershey Bears zone.
11:26 of 3rd period - Icing by Joshua Ho-Sang.
11:27 of 3rd period - Jordan Maletta wins face-off versus Andy Miele in Philadelphia Phantoms zone.
11:41 of 3rd period - Penalty to Mark Fraser is over, Mark Fraser is back on ice.
12:02 of 3rd period - Mark Fraser is hit by Ryan MacInnis and loses puck.
12:15 of 3rd period - Snap shot by Carter Camper.
12:15 of 3rd period - Deflect By Colby Cave.
12:15 of 3rd period - Stopped by Jack Campbell without a rebound.
12:16 of 3rd period - Jordan Maletta wins face-off versus Cristoval Nieves in Philadelphia Phantoms zone.
12:25 of 3rd period - Snap shot by Cristoval Nieves.
12:25 of 3rd period - Shot Misses the Net.
14:52 of 3rd period - Zac Dalpe is hit by Teddy Blueger and loses puck.
15:03 of 3rd period - Wrist shot by Andy Miele.
15:03 of 3rd period - Stopped by Jack Campbell with a rebound.
15:05 of 3rd period - Snap shot by Mark Fraser.
15:05 of 3rd period - Shot Misses the Net.
15:07 of 3rd period - Snap shot by Klas Dahlbeck.
15:07 of 3rd period - Shot Blocked by Kevin Fiala.
15:25 of 3rd period - Dakota Mermis is hit by Colby Cave and loses puck.
15:52 of 3rd period - Cory Conacher is hit by Kevin Labanc and loses puck.
16:14 of 3rd period - Snap shot by Klas Dahlbeck.
16:14 of 3rd period - Shot Blocked by Jordan Maletta.
16:28 of 3rd period - Wrist shot by Cory Conacher.
16:28 of 3rd period - Stopped by Jack Campbell with a rebound.
17:28 of 3rd period - Mark Fraser is hit by Ryan MacInnis and loses puck.
17:43 of 3rd period - Nic Kerdiles is hit by Nicolas Deslauriers and loses puck.
18:07 of 3rd period - Dakota Mermis is hit by Brendan Gaunce and loses puck.
18:38 of 3rd period - Icing by Sean Kuraly.
18:39 of 3rd period - Sean Kuraly wins face-off versus Brendan Gaunce in Philadelphia Phantoms zone.
18:44 of 3rd period - Wrist shot by Dale Weise.
18:44 of 3rd period - Shot Misses the Net.
18:46 of 3rd period - Snap shot by Kevin Labanc.
18:46 of 3rd period - Shot Misses the Net.
18:48 of 3rd period - Slapshot by Dakota Mermis.
18:48 of 3rd period - Shot Blocked by Klas Dahlbeck.
18:50 of 3rd period - Backhand shot by Dakota Mermis.
18:50 of 3rd period - Stopped by Mackenzie Skapski without a rebound.
18:51 of 3rd period - Scott Laughton wins face-off versus Cory Conacher in Hershey Bears zone.
19:16 of 3rd period - Kevin Labanc is hit by Dalton Prout and loses puck.
19:40 of 3rd period - Wrist shot by Dryden Hunt.
19:40 of 3rd period - Stopped by Mackenzie Skapski with a rebound.
19:42 of 3rd period - Slapshot by Dakota Mermis.
19:42 of 3rd period - Stopped by Mackenzie Skapski with a rebound.
19:44 of 3rd period - Wrist shot by Zac Dalpe.
19:44 of 3rd period - Stopped by Mackenzie Skapski without a rebound.
19:45 of 3rd period - Andrew Desjardins wins face-off versus Kevin Fiala in Hershey Bears zone.
19:45 of 3rd period - Andrew Desjardins is hit by Joshua Ho-Sang.
19:46 of 3rd period - Cory Conacher beats up Jonathan Diaby.
19:46 of 3rd period - Penalty to Cory Conacher for Fighting.
19:46 of 3rd period - Penalty to Jonathan Diaby for Fighting.
19:47 of 3rd period - Scott Laughton wins face-off versus Andrew Desjardins in Hershey Bears zone.
19:53 of 3rd period - Icing by Dalton Prout.
19:54 of 3rd period - Andrew Desjardins wins face-off versus Scott Laughton in Hershey Bears zone.
19:54 of 3rd period - Andrew Desjardins is hit by Brandon Montour.
Goals for this period are 1 for Philadelphia Phantoms vs 3 for Hershey Bears.
Shots for this period are 12 for Philadelphia Phantoms vs 17 for Hershey Bears.